 Dungeon Crawl Stone Soup version 0.31-a0-620-gd1cbd99268 (webtiles) character file.

Game seed: 16551600559137544858

106 zazu2006 the Magician (level 4, 0/38 HPs)
             Began as a Gnoll Wanderer on Aug 24, 2023.
             Succumbed to an adder's poison
             ... on level 2 of the Dungeon.
             The game lasted 00:04:43 (1355 turns).

zazu2006 the Magician (Gnoll Wanderer)              Turns: 1355, Time: 00:04:43

Health: 0/38       AC:  4    Str:  9    XL:     4   Next: 84%
Magic:  17/22      EV: 11    Int: 15    God:
Gold:   34         SH:  0    Dex: 14    Spells: 16/17 levels left

rFire   . . .        a - +0 quarterstaff
rCold   . . .        (shield currently unavailable)
rNeg    . . .        e - +0 leather armour
rPois   .            f - +0 helmet
rElec   .            (no cloak)
rCorr   .            (no gloves)
SInv    .            (no boots)
Will    .....        (no amulet)
Stlth   ++           h - ring of magical power
HPRegen 0.26/turn    (no ring)
MPRegen 0.18/turn

%: no passive effects
@: lethally poisoned (0 -> -7), very slightly contaminated
A: fangs 1, strong nose, distributed training, clever 1, sense surroundings 1,
inability to drink after injury 1
a: no special abilities


You were on level 2 of the Dungeon.
You visited 1 branch of the dungeon, and saw 2 of its levels.

You collected 34 gold pieces.

Inventory:

Hand Weapons
 a - a +0 quarterstaff (weapon)
 c - a +0 dagger
Missiles
 b - 9 boomerangs
 g - 5 poisoned darts (quivered)
Armour
 e - a +0 leather armour (worn)
 f - a +0 helmet (worn)
Jewellery
 h - a ring of magical power (left hand)
Scrolls
 i - a scroll of brand weapon {unknown}
 j - a scroll of enchant weapon {unknown}
 k - a scroll of blinking {unknown}
Potions
 d - a potion of attraction


   Skills:
 + Level 4.7 Fighting
 + Level 1.2 Short Blades
 + Level 1.2 Long Blades
 + Level 1.2 Axes
 + Level 1.2 Maces & Flails
 + Level 1.2 Polearms
 + Level 4.7 Staves
 + Level 1.2 Ranged Weapons
 + Level 4.7 Throwing
 + Level 1.2 Armour
 + Level 1.2 Dodging
 + Level 1.2 Stealth
 + Level 1.2 Shields
 + Level 1.2 Unarmed Combat
 + Level 7.2 Spellcasting
 + Level 1.0 Conjurations
 + Level 1.0 Hexes
 + Level 1.0 Summonings
 + Level 1.0 Necromancy
 + Level 1.0 Translocations
 + Level 1.0 Transmutations
 + Level 1.0 Fire Magic
 + Level 1.0 Ice Magic
 + Level 1.0 Air Magic
 + Level 1.0 Earth Magic
 + Level 1.0 Poison Magic
 + Level 1.4 Invocations
 + Level 1.2 Evocations
 + Level 1.1 Shapeshifting


You had 16 spell levels left.
You knew the following spells:

 Your Spells              Type           Power      Damage    Failure   Level
a - Sandblast             Erth           16%        2d6       12%         1

Your spell library contained the following spells:

 Spells                   Type           Power      Damage    Failure   Level
 Kiss of Death            Conj/Necr      32%        2d7       12%         1
 Necrotise                Necr           32%        1d5       12%         1
 Slow                     Hex            32%        N/A       12%         1
 Confusing Touch          Hex            8%         N/A       34%         3
 Hailstorm                Conj/Ice       8%         3d4       34%         3
 Dispel Undead            Necr           8%         3d8       75%         4
 Olgreb's Toxic Radiance  Pois           8%         N/A       75%         4
 Discord                  Hex            4%         N/A       100%        8
 Ignition                 Fire           4%         3d4       100%        8


Dungeon Overview and Level Annotations

Branches:
Dungeon (2/15)

Altars:

Annotations:
D:2 Sigmund


Innate Abilities, Weirdness & Mutations

You have very sharp teeth.
Your uncanny sense of smell can sniff out nearby items.
Your experience applies equally to all skills.
Your mind is acute. (Int +4, Str/Dex -1)
You passively map a small area around you.
You occasionally lose the ability to drink potions when taking damage.


Message History

The adder barely misses you. Sigmund attacks as he pursues you!
Sigmund barely misses you. The adder attacks as it pursues you!
The adder barely misses you.
You feel sick. The adder misses you.
You aren't carrying any items that you can evoke.
Casting: Sandblast (safe; 12% risk of failure)
Confirm with . or Enter, or press ? or * to list all spells.
Aiming: Sandblast (safe; 12% risk of failure)
Press: ? - help, Shift-Dir - straight line, f/p - Sigmund
Aim: Sigmund, wielding a +0 scythe and wearing a +0 robe (moderately wounded, 78% to hit)
The blast of sand hits the adder.
The adder is heavily wounded.
You feel sick. The adder bites you.
* * * LOW HITPOINT WARNING * * *
You are more poisoned.
The adder poisons you! Sigmund hits you but does no damage.
The adder bites you.
* * * LOW HITPOINT WARNING * * *
You are lethally poisoned!
The adder poisons you!
* * * LOW HITPOINT WARNING * * *
You feel very sick.
Okay, then.
Casting: Sandblast (safe; 12% risk of failure)
Confirm with . or Enter, or press ? or * to list all spells.
Aiming: Sandblast (safe; 12% risk of failure)
Press: ? - help, Shift-Dir - straight line, f - adder
Aim: an adder (heavily wounded, 68% to hit)
You miscast Sandblast.
You are very lightly contaminated with residual magic.
Nothing appears to happen.
* * * LOW HITPOINT WARNING * * *
You feel sick.
Casting: Sandblast (safe; 12% risk of failure)
Confirm with . or Enter, or press ? or * to list all spells.
Aiming: Sandblast (safe; 12% risk of failure)
Press: ? - help, Shift-Dir - straight line, f/p - adder
Aim: an adder (heavily wounded, 68% to hit)
The blast of sand misses the adder.
You die...

, ,,##........# , * ,,
..##.....†)..# , , ,
..............<(.##,,,
#....####....†.#...... *
#.#.# ##.#........... #...
#..#..#........ *
*#..#####.#..#.........
#..#†.........#.....##,
###.###....#S@#.##.##......
......!....#S##....#*......
...........#.##†####*,,,.
............@......#
..............h.....* *
#...................
....................,,
....................
.J....$....$........... ,


You could see Sigmund and 2 adders.

Vanquished Creatures
  Terence (D:2)
  A gnoll (D:1)
  3 adders
  3 dart slugs (D:1)
  4 endoplasms
  3 giant cockroaches (D:1)
  3 goblins (D:1)
  3 hobgoblins
  2 quokkas
  5 ball pythons
  4 bats
  2 frilled lizards (D:1)
  3 kobolds (D:1)
  A rat (D:1)
38 creatures vanquished.

Notes
Turn   | Place    | Note
-------+----------+-------------------------------------------
     0 | D:1      | zazu2006 the Gnoll Wanderer began the quest for the Orb.
     0 | D:1      | zazu2006 set off with the following items: a +0
                  | quarterstaff, 10 boomerangs, a +0 dagger, a potion of
                  | attraction, a +0 leather armour; and the following spells
                  | available to memorise: Necrotise, Sandblast, Slow,
                  | Hailstorm.
     0 | D:1      | Reached XP level 1. HP: 20/20 MP: 8/8
   119 | D:1      | Reached XP level 2. HP: 26/26 MP: 10/10
   187 | D:1      | Learned a level 1 spell: Sandblast
   625 | D:1      | Reached XP level 3. HP: 31/31 MP: 10/11
   861 | D:1      | Reached skill level 1 in Invocations
   989 | D:1      | Found a faded altar of an unknown god.
  1148 | D:2      | Noticed Sigmund
  1164 | D:1      | Reached skill level 1 in Short Blades
  1164 | D:1      | Reached skill level 1 in Long Blades
  1164 | D:1      | Reached skill level 1 in Axes
  1164 | D:1      | Reached skill level 1 in Maces & Flails
  1164 | D:1      | Reached skill level 1 in Polearms
  1164 | D:1      | Reached skill level 1 in Ranged Weapons
  1164 | D:1      | Reached skill level 1 in Armour
  1164 | D:1      | Reached skill level 1 in Dodging
  1164 | D:1      | Reached skill level 1 in Stealth
  1164 | D:1      | Reached skill level 1 in Shields
  1164 | D:1      | Reached skill level 1 in Unarmed Combat
  1164 | D:1      | Reached skill level 1 in Evocations
  1218 | D:2      | Noticed Terence
  1230 | D:2      | Gained mutation: You occasionally lose the ability to drink
                  | potions when taking damage. [potion of mutation]
  1230 | D:2      | Gained mutation: You passively map a small area around you.
                  | [potion of mutation]
  1230 | D:2      | Gained mutation: Your mind is acute. (Int +4, Str/Dex -1)
                  | [potion of mutation]
  1232 | D:2      | Killed Terence
  1233 | D:2      | Reached skill level 1 in Shapeshifting
  1233 | D:2      | Reached XP level 4. HP: 9/38 MP: 13/13
  1265 | D:2      | Reached skill level 1 in Conjurations
  1265 | D:2      | Reached skill level 1 in Hexes
  1265 | D:2      | Reached skill level 1 in Summonings
  1265 | D:2      | Reached skill level 1 in Necromancy
  1265 | D:2      | Reached skill level 1 in Translocations
  1265 | D:2      | Reached skill level 1 in Transmutations
  1265 | D:2      | Reached skill level 1 in Fire Magic
  1265 | D:2      | Reached skill level 1 in Ice Magic
  1265 | D:2      | Reached skill level 1 in Air Magic
  1265 | D:2      | Reached skill level 1 in Earth Magic
  1265 | D:2      | Reached skill level 1 in Poison Magic
  1355 | D:2      | Succumbed to an adder's poison

Illustrated notes

Levels and vault maps discovered:
D:1:      psy_arrival_radial01, layout_basic,
          shapermc_ecumenical_altar_mp_urbaneastern, grunt_decor_cap
D:2:      cheibrodos_old_hovel, layout_rooms, uniq_terence, uniq_sigmund,
          uniq_crazy_yiuf_cottage

Skill      XL: |  1  2  3  4 |
---------------+-------------+-----
Invocations    | 1 |  1.4
Short Blades   | 1 |  1.2
Long Blades    | 1 |  1.2
Axes           | 1 |  1.2
Maces & Flails | 1 |  1.2
Polearms       | 1 |  1.2
Ranged Weapons | 1 |  1.2
Armour         | 1 |  1.2
Dodging        | 1 |  1.2
Stealth        | 1 |  1.2
Shields        | 1 |  1.2
Unarmed Combat | 1 |  1.2
Evocations     | 1 |  1.2
Shapeshifting  | 1 |  1.1
Conjurations   | 1 |  1.0
Hexes          | 1 |  1.0
Summonings     | 1 |  1.0
Necromancy     | 1 |  1.0
Translocations | 1 |  1.0
Transmutations | 1 |  1.0
Fire Magic     | 1 |  1.0
Ice Magic      | 1 |  1.0
Air Magic      | 1 |  1.0
Earth Magic    | 1 |  1.0
Poison Magic   | 1 |  1.0
Fighting       | |  4.7
Staves         | |  4.7
Throwing       | |  4.7
Spellcasting   | |  7.2

Action                     |  1- 3 |  4- 6 || total
---------------------------+-------+-------++-------
  Melee: Quarterstaff      |    20 |     3 ||    23
         Bite              |       |     1 ||     1
  Throw: Boomerang         |     9 |       ||     9
         Dart              |     4 |       ||     4
   Cast: Sandblast         |    42 |    17 ||    59
    Use: Potion            |     1 |       ||     1
 Armour: Leather armour    |    22 |     5 ||    27
  Dodge: Dodged            |    54 |    15 ||    69

Table legend: (Time is in decaauts)
 A = Elapsed time spent in this place.
 B = Non-inter-level travel time spent in this place.
 C = Inter-level travel time spent in this place.
 D = Time resting spent in this place.
 E = Time spent auto-exploring this place.
 F = Levels seen in this place.
 G = Mean time per level.
                   A        B        C        D        E       F      G
               +--------+--------+--------+--------+--------+-----+--------+
         Total |   1386 |   1356 |     30 |     28 |   1041 |   2 |  693.0 |
       Dungeon |   1386 |   1356 |     30 |     28 |   1041 |   2 |  693.0 |
               +--------+--------+--------+--------+--------+-----+--------+

Top non-repeatable levels by time:
     D:1: 1231 daAuts
     D:2: 154 daAuts
